cohdb
Replays
Latest Replays
All Replays
Popular Replays
Top Player Replays
Match Explorer
How It Works
Community
CoH3 Stats
Reddit
Sign in to upload your games and track your stats! →
Sign in with Steam
Match 46741388
Unlisted
Match 46741388
Overview
Messages
Build Orders
End
Construct Section Command Post
Dingo Light Scout Car
Dingo Light Scout Car
Vickers Machine Gun Team
Royal Engineer Section
Selects Air and Sea Battlegroup
Selects Supply Surplus
Construct Resource Cache
Construct Resource Cache
Construct Platoon Command Post
Humber Armored Car
Selects UNKNOWN (223837)
Humber Armored Car
Royal Engineer Section
Royal Engineer Section
Humber Armored Car
Construct Company Command Post
Crusader II Medium Tank
Selects Assault Flares
Crusader II Medium Tank
Foot Guards Section
Foot Guards Section
Foot Guards Section
Selects Commando Section Paradrop
Selects Commando Support Section Paradrop
Infantry Training
Assault Flares
Foot Guards Section
Assault Flares
Crusader II Medium Tank
Selects Incendiary Bombing Run
Incendiary Bombing Run
Crusader II Medium Tank
Crusader II Medium Tank
Incendiary Bombing Run
Armored Vehicle Training
Assault Flares
Crusader II Medium Tank
Incendiary Bombing Run
Crusader II Medium Tank
Assault Flares
Jm200092
saint087
bigmac
Patton
民豪
ErikaWani
皮皮
Nona_
0
0
Comments
sign in to comment!
No comments posted yet!